 Dungeon Crawl Stone Soup version 0.19-a0-734-ge18daf0 (webtiles) character file.

1733 Ijustatesigmund the Destroyer (level 9, 0/48 HPs)
             Began as a Tengu Conjurer on June 21, 2016.
             Was a Believer of Vehumet.
             Slain by tstbtto's ghost (11 damage)
             ... on level 7 of the Dungeon on June 22, 2016.
             The game lasted 00:30:04 (7850 turns).

Ijustatesigmund the Destroyer (Tengu Conjurer)      Turns: 7850, Time: 00:30:05

Health: 0/48       AC:  9    Str: 14    XL:     9   Next: 5%
Magic:  7/15       EV:  8    Int: 17    God:    Vehumet [**....]
Gold:   235        SH:  3    Dex: 17    Spells: 4 memorised, 3 levels left

rFire  + . .     SeeInvis .     u - +1 short sword (venom)
rCold  . . .     Gourm    .     y - +2 ring mail "Enotzima" {+Inv rF+ Str+6}
rNeg   . . .     Faith    .     (no shield)
rPois  .         Spirit   .     (helmet restricted)
rElec  .         Dismiss  .     m - +0 cloak
rCorr  .         Reflect  +     B - +0 pair of gloves
SustAt .         Harm     .     (boots unavailable)
MR     .....                    f - +3 amulet of reflection
Stlth  +.........               p - ring of wizardry
                                e - +2 ring of evasion

@: not resistant to hostile enchantments, very unstealthy
A: beak, talons 3, able to fly 1
a: Fly, Renounce Religion, Evoke Invisibility


You were on level 7 of the Dungeon.
You worshipped Vehumet.
Vehumet was pleased with you.
You were not hungry.

You visited 2 branches of the dungeon, and saw 9 of its levels.

You collected 235 gold pieces.

Inventory:

Hand Weapons
 u - a +1 short sword of venom (weapon)
Missiles
 d - 7 tomahawks
 i - 11 javelins (quivered)
Armour
 a - a +0 robe
 m - a +0 cloak (worn)
 y - the +2 ring mail "Enotzima" (worn) {+Inv rF+ Str+6}
   (You found it on level 6 of the Dungeon)

   It affects your strength (+6).
   It protects you from fire.
   It lets you turn invisible.
 B - a +0 pair of gloves (worn)
Jewellery
 e - a +2 ring of evasion (left hand)
 f - a +3 amulet of reflection (around neck)
 p - a ring of wizardry (right hand)
 t - an uncursed ring of protection from fire
 v - an uncursed ring of sustain attributes
Scrolls
 g - 3 scrolls of remove curse
 j - a scroll of holy word
 n - a scroll of fog
 o - 4 scrolls of amnesia
 z - a scroll of magic mapping
Potions
 h - a potion of resistance
 k - 2 potions of cure mutation
 l - a potion of heal wounds
 q - 2 potions of curing
 r - a potion of brilliance {unknown}
 w - a potion of flight {unknown}
 x - a potion of lignification {unknown}
 A - a potion of mutation {unknown}
Books
 b - a book of Conjurations

   Spells                             Type                      Level
   a - Magic Dart                     Conjuration                  1
   b - Searing Ray                    Conjuration                  2
   c - Dazzling Spray                 Conjuration/Hexes            3
   d - Fulminant Prism                Conjuration/Hexes            4
   e - Iskenderun's Mystic Blast      Conjuration                  4
   f - Iskenderun's Battlesphere      Conjuration/Charms           5
Comestibles
 c - a bread ration
 s - 2 meat rations
 C - 3 fruits


   Skills:
 - Level 2.0 Fighting
 - Level 2.1 Dodging
 - Level 2.0 Stealth
 - Level 3.4 Spellcasting
 - Level 8.1 Conjurations
 - Level 2.1 Hexes
 + Level 6.7 Charms
 + Level 3.4 Evocations


You had 3 spell levels left.
You knew the following spells:

 Your Spells              Type           Power        Failure   Level  Hunger
a - Magic Dart            Conj           ####         1%          1    None
b - Searing Ray           Conj           ####..       1%          2    ##.....
c - Dazzling Spray        Conj/Hex       ###...       7%          3    ###....
d - Iskenderun's Battles  Conj/Chrm      ####....     24%         5    ######.


Dungeon Overview and Level Annotations

Branches:
Dungeon (8/15)             Temple (1/1) D:5
   Lair: D:8-11

Altars:
Ashenzari
Cheibriados
Dithmenos
Elyvilon
Fedhas
Gozag
Hepliaklqana
Kikubaaqudgha
Makhleb
Nemelex Xobeh
Okawaru
Pakellas
Qazlal
Ru
Sif Muna
Trog
Uskayaw
Vehumet
Xom
Yredelemnul
Zin

Annotations:
D:6 arkorax's ghost, novice OgBe
D:7 tstbtto's ghost, novice DDFi


Innate Abilities, Weirdness & Mutations

You have a beak for a mouth.
You have claws for feet.
You can fly.


Message History

Tstbtto's ghost lets out a mournful wail.
Tstbtto's ghost hits you!
There is a stone staircase leading down here.
Casting: Magic Dart
Confirm with . or Enter, or press ? or * to list all spells.
You conjure a globe of magical energy.
Tstbtto's ghost hits you!
Casting: Iskenderun's Battlesphere
Confirm with . or Enter, or press ? or * to list all spells.
Aiming: Dazzling Spray
Press: ? - help, Shift-Dir - straight line, f - tstbtto's ghost
Aim: tstbtto's ghost The spray of energy hits tstbtto's ghost.
Tstbtto's ghost is lightly damaged.
Your battlesphere fires!
The barrage of energy hits tstbtto's ghost.
Tstbtto's ghost is moderately damaged.
Tstbtto's ghost hits you!
* * * LOW HITPOINT WARNING * * *
Tstbtto's ghost hits you!
You die...

##########
#...W.....
##########.###.....
#........#.# #..?..
#........#W# #.....
#..*.....#.# #.....
#........#.###.....
#.@................
#.W......########..
#........########.#
#........'.........
#........#.........
#........#.########
#.##+#+###.#####
#....#.# #......#
####.#.# #......#


You could see tstbtto's ghost and a friendly battlesphere.

Vanquished Creatures
  Grinder (D:3)
  Sigmund (D:3)
  A centaur (D:8)
  A crocodile (D:8)
  2 giant frogs
  3 crimson imps
  A hound (D:5)
  A jelly (D:7)
  Crazy Yiuf (D:3)
  9 orc priests
  11 orc wizards
  3 worker ants
  A hound skeleton (D:5)
  3 river rats (D:8)
  5 adders
  A shadow imp (D:5)
  3 oozes
  An adder zombie (D:4)
  5 dart slugs
  5 giant geckos
  28 orcs
  8 giant cockroaches
  9 hobgoblins
  6 jackals
  6 kobolds
  5 quokkas
  A ball python (D:4)
  17 bats
  A giant gecko skeleton (D:5)
  A giant gecko zombie (D:5)
  3 giant newts
  10 goblins
  2 quokka skeletons (D:6)
  18 rats
174 creatures vanquished.

Vanquished Creatures (others)
  A fungus (D:8)
1 creature vanquished.

Grand Total: 175 creatures vanquished

Notes
Turn   | Place    | Note
--------------------------------------------------------------
     0 | D:1      | Ijustatesigmund the Tengu Conjurer began the quest for the Orb.
     0 | D:1      | Reached XP level 1. HP: 10/10 MP: 4/4
   194 | D:1      | Reached XP level 2. HP: 15/15 MP: 1/6
   243 | D:1      | Learned a level 2 spell: Searing Ray
   344 | D:1      | Reached skill level 6 in Conjurations
   564 | D:1      | Reached skill level 1 in Fighting
   646 | D:1      | Reached XP level 3. HP: 20/20 MP: 4/7
  1508 | D:1      | Learned a level 3 spell: Dazzling Spray
  1664 | D:2      | Reached XP level 4. HP: 17/26 MP: 4/8
  1847 | D:2      | You fall through a shaft for 2 floors!
  1863 | D:4      | Reached skill level 1 in Hexes
  2035 | D:3      | Gained mutation: You can fly. [Tengu growth]
  2035 | D:3      | Reached XP level 5. HP: 30/30 MP: 10/10
  2498 | D:2      | You fall through a shaft!
  2498 | D:3      | Found a bloodstained altar of Trog.
  2503 | D:3      | Found an ancient bone altar of Kikubaaqudgha.
  2504 | D:3      | Found a blossoming altar of Fedhas.
  2785 | D:3      | Noticed Grinder
  3420 | D:4      | Found a shattered altar of Ashenzari.
  3559 | D:4      | Reached XP level 6. HP: 30/35 MP: 7/12
  3569 | D:4      | Reached skill level 7 in Conjurations
  3687 | D:4      | Found an iron altar of Okawaru.
  4124 | D:5      | Entered Level 5 of the Dungeon
  4147 | D:5      | Found an oddly glowing altar of Pakellas.
  4460 | D:5      | Found a staircase to the Ecumenical Temple.
  4466 | D:5      | Reached skill level 8 in Conjurations
  4475 | Temple   | Entered the Ecumenical Temple
  4528 | Temple   | Became a worshipper of Vehumet
  4567 | D:5      | Learned a level 5 spell: Iskenderun's Battlesphere
  4626 | D:5      | Reached XP level 7. HP: 40/40 MP: 2/13
  4760 | D:5      | Reached skill level 1 in Charms
  5206 | D:3      | Found a faded altar of an unknown god.
  5321 | D:3      | Found a shimmering altar of Xom.
  5548 | D:3      | Noticed Crazy Yiuf
  5553 | D:3      | Killed Crazy Yiuf
  5695 | D:3      | Noticed Sigmund
  5705 | D:3      | Killed Sigmund
  5833 | D:3      | Killed Grinder
  5833 | D:3      | Reached XP level 8. HP: 44/44 MP: 4/14
  6092 | D:6      | Reached skill level 5 in Charms
  6139 | D:6      | Noticed arkorax's ghost (novice OgBe)
  6435 | D:6      | HP: 1/44 [arkorax's ghost (37)]
  6640 | D:6      | Got a steaming ring mail
  6688 | D:6      | Identified the +2 ring mail "Enotzima" {+Inv rF+ Str+6} (You found it on level 6 of the Dungeon)
  6714 | D:7      | Reached * piety under Vehumet
  6714 | D:7      | Offered knowledge of Flame Tongue by Vehumet.
  6944 | D:7      | Noticed tstbtto's ghost (novice DDFi)
  7108 | D:7      | Upgraded the game from 0.19-a0-722-g27ac516 to 0.19-a0-734-ge18daf0
  7126 | D:7      | Reached skill level 1 in Evocations
  7675 | D:8      | Offered knowledge of Throw Flame by Vehumet.
  7686 | D:8      | Reached ** piety under Vehumet
  7686 | D:8      | Reached XP level 9. HP: 48/48 MP: 4/15
  7850 | D:7      | Slain by tstbtto's ghost

Vault maps used:
D:1:      matt_arrival_refuge, hex_tiny
D:3:      lemuel_round_altar, minitemple, ecumenical_altar_1,
          uniq_crazy_yiuf_cottage, uniq_sigmund, uniq_grinder
D:4:      lemuel_doored_altar, first_bread, okawaru_trees_2
D:5:      kennysheep_big_empty_room, grunt_pakellas_basics
D:6:      minivault_19
D:7:      old_standard_altar
D:8:      grunt_lair_entry_orc_guard_hut,
          nicolae_gozag_cash_rules_everything_around_me
Temple:   nicolae_temple_x_marks_the_god

Skill      XL: |  1  2  3  4  5  6  7  8 |
---------------+-------------------------+-----
Conjurations   | 6 8 |  8.1
Fighting       | 1 2 |  2.0
Hexes          | 1 2 |  2.1
Spellcasting   | 3 |  3.4
Charms         | 4 6 |  6.7
Evocations     | 3 |  3.4
Dodging        | |  2.1
Stealth        | |  2.0

Action                   |  1- 3 |  4- 6 |  7- 9 || total
-------------------------+-------+-------+-------++-------
Melee: Unarmed           |     6 |       |       ||     6
       Peck              |     4 |     6 |     9 ||    19
       Kick              |     2 |     6 |    10 ||    18
       Dagger            |     2 |    36 |       ||    38
       Short sword       |       |       |    50 ||    50
Throw: Tomahawk          |     2 |       |       ||     2
       Javelin           |     5 |       |     2 ||     7
 Cast: Magic Dart        |    82 |   139 |   127 ||   348
       Searing Ray       |       |     4 |     7 ||    11
       Dazzling Spray    |       |       |     9 ||     9
       Iskenderun's Batt |       |       |     5 ||     5
  Use: Scroll            |     5 |     7 |     6 ||    18
       Potion            |       |     2 |     2 ||     4
 Stab: Sleeping          |       |     1 |     2 ||     3
       Invisible         |       |       |     5 ||     5
  Eat: Chunk             |     4 |     9 |     8 ||    21
       Royal jelly       |       |     1 |       ||     1
       Bread ration      |       |       |     1 ||     1
       Fruit             |       |       |     1 ||     1
Armor: Robe              |     5 |     9 |     7 ||    21
       Ring mail         |       |       |    32 ||    32
Dodge: Dodged            |    15 |    53 |    56 ||   124
Block: Other             |       |     6 |     9 ||    15
       Reflection        |       |       |     1 ||     1
